AoeStats
← armadeussallods

Arena

504426221Analyzed
1v1 RM · 26d ago on Sep 5, 2026· 127m 17s· 2 players
Game mode
Random Map
Map size
Tiny (2 player)
Population
200
Speed
Normal
Resources
Standard
Victory
Conquest
Starting age
Dark Age
Ending age
Imperial Age
RankedLock teamsTeams togetherTeam positionsShared explorationLock speedFull tech treeHidden civsTurbo modeCheats
Victory
Defeat
🇨🇳 Teutons · China
306
+12
🇫🇷 Romans · France
216
-12
armadeussallods
0:33 Loom
14:18 Feudal Age
15:38 Horse Collar
15:46 Double-Bit Axe
16:13 Gold Mining
17:04 Wheelbarrow
16:14 Town Watch
20:25 Stone Mining
23:57 Castle Age
22:46 Scale Mail Armor
22:08 Man-at-Arms
24:33 Forging
24:52 Scale Barding Armor
26:40 Hand Cart
26:25 Town Patrol
27:19 Long Swordsman
28:05 Squires
29:03 Bow Saw
28:58 Heavy Plow
31:48 Gold Shaft Mining
32:38 Chain Mail Armor
37:13 Imperial Age
35:45 Iron Casting
35:44 Fortified Wall
36:47 Chain Barding Armor
39:01 Chemistry
37:27 Legionary
42:31 Elite Centurion
43:33 Conscription
43:54 Plate Barding Armor
45:28 Crop Rotation
46:27 Comitatenses
47:52 Blast Furnace
48:15 Ballistics
84:42 Siege Engineers
89:54 Guard Tower
90:47 Devotion
92:23 Keep
91:28 Onager
95:39 Masonry
95:59 Padded Archer Armor
97:32 Architecture
109:27 Pikeman
110:14 Halberdier
cdgn
5:30 Loom
11:44 Feudal Age
12:37 Double-Bit Axe
12:45 Gold Mining
14:00 Wheelbarrow
20:56 Castle Age
19:10 Forging
20:05 Scale Barding Armor
21:07 Stone Mining
21:19 Horse Collar
21:28 Town Watch
22:00 Bow Saw
22:31 Stone Shaft Mining
22:28 Horse Collar
23:29 Bloodlines
31:00 Hand Cart
33:41 Scale Mail Armor
36:06 Iron Casting
40:40 Imperial Age
38:43 Chain Mail Armor
41:08 Elite Teutonic Knight
42:18 Conscription
43:50 Blast Furnace
43:28 Plate Mail Armor
43:15 Guilds
43:30 Guilds
46:31 Two-Man Saw
45:50 Heavy Plow
47:12 Crop Rotation
48:27 Sanctity
48:18 Fervor
48:43 Town Patrol
49:02 Squires
51:10 Fletching
53:36 Masonry
53:33 Siege Engineers
54:41 Cavalier
55:54 Fortified Wall
55:34 Arrowslits
56:19 Crenellations
55:45 Paladin
56:46 Padded Archer Armor
59:18 Elite Skirmisher
67:06 Ballistics
68:40 Arson
72:11 Chain Barding Armor
77:42 Plate Barding Armor
86:30 Pikeman
92:44 Chemistry
98:47 Bodkin Arrow
99:07 Leather Archer Armor
102:50 Ring Archer Armor
Connection lost

Rejoining the realm…

Still unreachable

The connection could not be restored.

Session expired

The server has moved on; the page needs a fresh start.